Map: 星軌船廠

Players

Nice

  • Race: Protoss Protoss
  • League: Grandmaster

Rose (Python) - Winner!

  • Race: Zerg Zerg
  • League: Grandmaster

Event: 2016 WCS Winter Challenger Taiwan

VOD

Have the link to the VOD?

Description

Time

  • Played on: Jan. 16, 2016, 4:51 a.m.
  • Length: 15:12

All games in this series

Show
View Real Time Build Order
Export as new Build Order

Nice Protoss 

Build Orders:  

Get SALT Encoding   

  12  0:01  Probe (Chrono Boost)  
  13  0:11  Probe (Chrono Boost)  
  14  0:17  Pylon  
  14  0:22  Probe (Chrono Boost)  
  16  0:36  Probe (Chrono Boost)  
  16  0:46  Probe (Chrono Boost)  
  17  0:57  Probe (Chrono Boost)  
  18  1:08  Nexus  
  18  1:16  Probe (Chrono Boost)  
  18  1:17  Gateway  
  19  1:25  Assimilator  
  19  1:26  Probe (Chrono Boost)  
  19  1:28  Assimilator  
  20  1:37  Probe (Chrono Boost)  
  21  1:41  Gateway  
  21  1:47  Probe (Chrono Boost)  
  22  1:55  Pylon  
  22  1:58  Probe (Chrono Boost)  
  23  2:09  Cybernetics Core  
  23  2:13  Probe (Chrono Boost)  
  24  2:20  Probe (Chrono Boost)  
  25  2:23  Probe (Chrono Boost)  
  26  2:31  Probe (Chrono Boost)  
  26  2:34  Probe (Chrono Boost)  
  28  2:41  Probe (Chrono Boost)  
  28  2:42  Pylon  
  29  2:45  Stalker (Chrono Boost), Adept (Chrono Boost)  
  29  2:47  Warp Gate  
  29  2:48  Probe  
  34  2:56  Probe  
  35  3:00  Mothership Core (Chrono Boost)  
  36  3:09  Probe (Chrono Boost)  
  36  3:21  Probe x2 (Chrono Boost)  
  36  3:23  Sentry  
  36  3:25  Sentry  
  42  3:31  Probe (Chrono Boost)  
  42  3:33  Probe (Chrono Boost)  
  44  3:42  Probe (Chrono Boost)  
  44  3:44  Probe (Chrono Boost)  
  44  3:47  Nexus  
  46  3:49  Pylon  
  46  3:53  Probe (Chrono Boost)  
  46  3:54  Probe (Chrono Boost)  
  46  3:56  Pylon  
  46  3:59  Adept  
  46  4:00  Adept  
  46  4:03  Probe (Chrono Boost)  
  46  4:05  Probe (Chrono Boost)  
  48  4:13  Robotics Facility  
  48  4:15  Forge  
  48  4:19  Probe (Chrono Boost)  
  48  4:21  Assimilator  
  48  4:23  Probe (Chrono Boost)  
  50  4:26  Assimilator  
  50  4:30  Probe (Chrono Boost)  
  51  4:31  Twilight Council  
  51  4:33  Probe (Chrono Boost)  
  54  4:40  Probe (Chrono Boost)  
  54  4:44  Probe (Chrono Boost)  
  50  4:53  Probe (Chrono Boost)  
  50  4:55  Sentry x2  
  50  4:57  Probe (Chrono Boost)  
  54  5:01  Probe (Chrono Boost)  
  54  5:04  Probe (Chrono Boost)  
  56  5:08  Probe (Chrono Boost)  
  56  5:11  Probe (Chrono Boost)  
  56  5:14  Probe (Chrono Boost)  
  56  5:16  Protoss Ground Weapons Level 1 (Chrono Boost)  
  56  5:18  Pylon  
  56  5:20  Probe (Chrono Boost)  
  58  5:27  Probe x2 (Chrono Boost), Resonating Glaives  
  60  5:33  Probe (Chrono Boost)  
  61  5:36  Gateway  
  61  5:38  Gateway  
  61  5:41  Gateway  
  61  5:44  Sentry  
  61  5:48  Gateway  
  63  5:50  Warp Prism (Chrono Boost)  
  63  5:52  Probe (Chrono Boost)  
  63  5:53  Probe (Chrono Boost)  
  63  5:56  Probe (Chrono Boost)  
  68  5:58  Adept  
  70  6:05  Probe x2 (Chrono Boost)  
  70  6:08  Probe (Chrono Boost)  
  70  6:09  Pylon  
  73  6:15  Probe (Chrono Boost)  
  73  6:16  Probe (Chrono Boost)  
  73  6:18  Probe (Chrono Boost)  
  76  6:23  Pylon, Immortal  
  80  6:26  Probe x2 (Chrono Boost)  
  80  6:29  Probe (Chrono Boost)  
  83  6:36  Probe (Chrono Boost)  
  83  6:37  Probe (Chrono Boost)  
  83  6:39  Probe (Chrono Boost)  
  86  6:40  Pylon  
  86  6:50  Sentry  
  86  6:51  Blink  
  86  6:52  Robotics Bay  
  86  6:53  Probe x2 (Chrono Boost), Assimilator  
  90  6:54  Pylon, Stalker, Assimilator  
  90  6:57  Immortal  
  96  7:10  Stalker x2  
  96  7:11  Stalker x2  
  96  7:14  Adept  
  106  7:21  Photon Cannon  
  106  7:23  Pylon, Gateway  
  104  7:41  Stalker x3  
  104  7:42  Stalker x3  
  104  7:43  Disruptor  
  103  8:09  Adept x2  
  103  8:11  Sentry x2  
  103  8:12  Stalker x2  
  111  8:17  Pylon  
  111  8:18  Adept x2  
  109  8:21  Pylon  
  107  8:30  Immortal  
  107  8:36  Pylon  
  107  8:38  Pylon  
  107  8:44  Gateway  
  107  8:45  Gateway  
  107  8:47  Stalker x2  
  107  8:48  Stalker x4  
  119  8:58  Robotics Facility  
  119  9:00  Pylon  
  119  9:01  Pylon  
  119  9:02  Dark Shrine  
  119  9:03  Protoss Ground Weapons Level 2 (Chrono Boost)  
  119  9:04  Disruptor  
  122  9:17  Sentry  
  122  9:18  Stalker  
  122  9:21  Zealot x2  
  126  9:41  Photon Cannon  
  126  9:44  Pylon, Disruptor (Chrono Boost)  
  126  9:45  Disruptor (Chrono Boost)  
  132  9:46  Pylon  
  132  9:49  Pylon  
  132  9:52  Nexus  
  132  9:54  Pylon x2  
  132  9:56  Nexus  
  132  9:57  Pylon  
  132  10:15  Stalker x5  
  132  10:20  Stalker, Zealot x2, Disruptor (Chrono Boost)  
  147  10:28  Stargate  
  147  10:29  Stargate  
  147  10:30  Photon Cannon  
  147  10:32  Pylon, Photon Cannon  
  147  10:33  Photon Cannon x2  
  147  10:35  Photon Cannon  
  147  10:41  Stalker  
  147  10:42  Stalker x3  
  154  10:57  Dark Templar  
  154  11:03  Photon Cannon  
  147  11:05  Photon Cannon  
  147  11:07  Photon Cannon  
  147  11:08  Dark Templar  
  139  11:13  Dark Templar  
  125  11:34  Stalker  
  125  11:35  Stalker  
  125  11:38  Photon Cannon  
  129  11:41  Photon Cannon  
  129  11:43  Photon Cannon  
  129  11:44  Photon Cannon  
  101  12:08  Probe x2  
  104  12:20  Probe  
  100  12:39  Nexus  
  97  13:11  Pylon  
  97  13:13  Pylon  
  95  13:44  Photon Cannon  
Show
View Real Time Build Order
Export as new Build Order

Rose Zerg - Winner!

Build Orders: Hatch First 

Get SALT Encoding   

  12  0:00  Drone  
  13  0:08  Drone  
  14  0:17  Overlord  
  14  0:22  Extractor  
  14  0:23  Drone  
  15  0:36  Drone x2  
  17  0:52  Hatchery  
  17  0:55  Drone  
  17  1:09  Spawning Pool  
  16  1:12  Extractor  
  16  1:14  Drone  
  16  1:17  Drone  
  17  1:25  Drone  
  18  1:32  Drone  
  19  1:39  Overlord  
  19  1:55  Queen  
  19  1:56  Zergling x2  
  19  1:59  Drone  
  23  2:04  Drone, Queen  
  26  2:09  Drone  
  28  2:15  Drone  
  28  2:18  Metabolic Boost  
  28  2:22  Drone  
  29  2:39  Drone  
  29  2:42  Overlord  
  30  2:44  Hatchery  
  30  2:48  Queen  
  31  2:53  Zergling x4  
  33  3:01  Zergling x6  
  36  3:07  Overlord, Drone x2  
  36  3:10  Drone  
  38  3:20  Drone  
  38  3:21  Drone x4  
  38  3:25  Drone  
  44  3:37  Drone x2  
  44  3:41  Roach Warren, Extractor  
  45  3:42  Drone  
  44  3:57  Zergling x18  
  50  4:07  Drone x3  
  52  4:11  Lair  
  52  4:17  Drone x3  
  52  4:22  Drone x2  
  52  4:23  Overlord  
  57  4:30  Drone, Spore Crawler  
  57  4:31  Overlord  
  56  4:47  Drone x8  
  56  4:51  Drone  
  63  4:55  Extractor, Evolution Chamber  
  63  4:58  Overlord, Drone  
  63  4:59  Drone x3  
  62  5:03  Drone x2  
  61  5:14  Hydralisk Den  
  61  5:16  Drone  
  61  5:19  Drone x3, Extractor  
  63  5:23  Extractor  
  63  5:24  Extractor  
  63  5:27  Zerg Missile Weapons Level 1  
  62  5:28  Drone x3  
  64  5:37  Overlord  
  64  5:42  Drone x8  
  72  5:47  Drone  
  73  5:51  Hatchery  
  72  5:59  Roach  
  72  6:00  Roach x8  
  72  6:02  Glial Reconstitution  
  90  6:08  Overseer  
  90  6:09  Overlord x3  
  90  6:19  Overlord  
  90  6:26  Overlord  
  90  6:29  Overseer  
  90  6:32  Roach x10  
  110  6:34  Ravager x2  
  110  6:39  Hydralisk x2  
  112  6:41  Overlord  
  112  6:42  Overlord  
  112  6:45  Roach  
  112  6:46  Roach  
  120  6:47  Ravager  
  120  6:48  Ravager  
  120  6:49  Ravager  
  120  6:51  Roach  
  120  6:52  Roach x2  
  129  6:59  Queen  
  129  7:00  Overlord  
  131  7:03  Queen  
  131  7:07  Roach x6  
  145  7:16  Overlord x2  
  145  7:19  Zergling x10  
  145  7:20  Zergling x6  
  153  7:25  Ravager x2  
  153  7:26  Ravager x4  
  157  7:31  Roach  
  157  7:32  Zergling x2  
  157  7:33  Overlord x2  
  160  7:49  Roach x7  
  168  7:56  Roach  
  168  7:57  Roach x6  
  161  8:05  Zergling x2, Roach  
  161  8:06  Ravager, Roach  
  161  8:12  Zergling x2, Roach x4  
  170  8:17  Roach x2  
  160  8:28  Zergling x4, Roach x2  
  160  8:33  Roach  
  160  8:34  Roach  
  146  8:40  Spire  
  142  8:43  Drone x4  
  146  8:55  Overlord x2  
  146  8:59  Zerg Melee Weapons Level 1  
  146  9:03  Drone  
  146  9:04  Drone x3, Queen  
  146  9:05  Drone  
  146  9:06  Overlord x2  
  152  9:10  Extractor x2  
  152  9:14  Drone  
  150  9:19  Overseer  
  150  9:25  Overseer  
  150  9:27  Overseer  
  150  9:30  Hatchery  
  149  9:34  Overlord  
  149  9:51  Mutalisk x12  
  173  9:52  Mutalisk  
  175  10:02  Drone x2  
  175  10:03  Mutalisk x2, Drone x4  
  185  10:13  Mutalisk x2  
  187  10:24  Mutalisk  
  187  10:25  Mutalisk  
  191  10:34  Extractor  
  190  10:38  Extractor  
  184  10:47  Mutalisk x4  
  180  11:14  Mutalisk x6  
  182  11:25  Mutalisk  
  174  11:28  Overlord x5  
  133  12:12  Spine Crawler  
  133  12:13  Spine Crawler x2  
  133  12:14  Spine Crawler x3  
  103  12:37  Mutalisk x5  
  103  12:38  Mutalisk  
  103  12:39  Overlord x2  
  103  12:41  Mutalisk x3  
  121  12:57  Zerg Flyer Weapons Level 1  
  121  12:58  Overlord x3  
  117  13:03  Mutalisk x4  
  125  13:07  Overseer  
  125  13:11  Drone x2, Spore Crawler  
  122  13:22  Mutalisk x3  
  122  13:23  Mutalisk  
  122  13:25  Zergling x8  
  134  13:41  Mutalisk  
  134  13:42  Mutalisk x2  
  139  13:53  Hatchery  
  114  14:16  Mutalisk x4  
  117  14:19  Zergling x16  
  123  14:30  Mutalisk x2  
  126  14:44  Hatchery  
  124  14:51  Overseer x2  
Tags
 
Add a new tag
Caveats
  • Supply blocks, unpowered buildings, or Contaminate may cause inaccurate times.
  • Supply counts are checked every 10 seconds.